PCL
SPOKANE TRAPPERS @ ALBUQUERQUE ISOTOPES
08/05/2026
 
TOP OF THE 1ST
Spokane Trappers batting - Pitching for Albuquerque Isotopes : RHP Raúl Ruíz
Pitching: RHP Raúl Ruíz
Batting: RHB Tomás Carranza 0-0: Bunted foul
0-1: SINGLE (Flyball, 78S)
Batting: SHB Nick Cox 0-0: Called Strike
0-1: Ball
1-1: Swinging Strike
1-2: Ball
2-2: Strikes out swinging
Batting: RHB Marlon Phipps 0-0: Called Strike
Tomás Carranza steals 2nd base
0-1: Foul Ball, location: 2F
0-2: Ball
1-2: Ball
2-2: 2-RUN HOME RUN (Flyball, 78XD), Distance : 474 ft
Batting: RHB Ramiro Ross 0-0: Called Strike
0-1: Ball
1-1: Ball
2-1: Swinging Strike
2-2: Strikes out swinging
Batting: LHB Héctor Rentería 0-0: Ball
1-0: Foul Ball, location: 2F
1-1: SINGLE (Groundball, 56D)
Batting: RHB Jeremy Carr 0-0: Called Strike
0-1: Ball
1-1: Ball
2-1: Ball
3-1: Called Strike
3-2: Ground out 5-3 (Groundball, 5L)
Top of the 1st over - 2 run(s), 3 hit(s), 0 error(s), 1 left on base; Spokane 2 - Albuquerque 0
BOTTOM OF THE 1ST
Albuquerque Isotopes batting - Pitching for Spokane Trappers : RHP José Ortíz
Pitching: RHP José Ortíz
Batting: RHB Sadayoshi Kato 0-0: Called Strike
0-1: Called Strike
0-2: Strikes out swinging
Batting: RHB Dave Mullen 0-0: Called Strike
0-1: Called Strike
0-2: Ball
1-2: Strikes out looking
Batting: SHB Lee Townsend 0-0: Called Strike
0-1: Ball
1-1: Ball
2-1: Foul Ball, location: 2F
2-2: DOUBLE (Line Drive, 3L)
Batting: LHB Juan Carlos Sánchez 0-0: Ball
1-0: Called Strike
1-1: Ball
2-1: Foul Ball, location: 2F
2-2: Ball
3-2: Base on Balls
Batting: LHB Mark Vestal 0-0: Ground out 6-3 (Groundball, 6)
Bottom of the 1st over - 0 run(s), 1 hit(s), 0 error(s), 2 left on base; Spokane 2 - Albuquerque 0
TOP OF THE 2ND
Spokane Trappers batting - Pitching for Albuquerque Isotopes : RHP Raúl Ruíz
Batting: RHB Clyde Kelley 0-0: Swinging Strike
0-1: Foul Ball, location: 2F
0-2: Foul Ball, location: 2F
0-2: Ball
1-2: Ground out 1-3 (Groundball, 15)
Batting: LHB Jesús Ramírez 0-0: Ball
1-0: Called Strike
1-1: Ball
2-1: Foul Ball, location: 2F
2-2: Foul Ball, location: 2F
2-2: Strikes out swinging
Batting: RHB Pedro Rodríguez 0-0: Ball
1-0: Ground out 5-3 (Groundball, 5)
Top of the 2nd over - 0 run(s), 0 hit(s), 0 error(s), 0 left on base; Spokane 2 - Albuquerque 0
BOTTOM OF THE 2ND
Albuquerque Isotopes batting - Pitching for Spokane Trappers : RHP José Ortíz
Batting: RHB Alden Isenhood 0-0: Called Strike
0-1: Ball
1-1: Swinging Strike
1-2: Ball
2-2: Foul Ball, location: 2F
2-2: Ball
3-2: Foul Ball, location: 2F
3-2: Strikes out swinging
Batting: LHB Bernardo Montés 0-0: Ball
1-0: Foul Ball, location: 2F
1-1: SINGLE (Line Drive, 6M)
Batting: LHB Héctor Cruz 0-0: Grounds into double play, 1-4-3 (Groundball, 13)
Bottom of the 2nd over - 0 run(s), 1 hit(s), 0 error(s), 0 left on base; Spokane 2 - Albuquerque 0
TOP OF THE 3RD
Spokane Trappers batting - Pitching for Albuquerque Isotopes : RHP Raúl Ruíz
Batting: RHB Tomás Carranza 0-0: Ball
1-0: Ball
2-0: Ball
3-0: Base on Balls
Batting: SHB Nick Cox 0-0: Ball
Tomás Carranza steals 2nd base
1-0: Ball
2-0: Called Strike
2-1: Ball
3-1: Foul Ball, location: 2F
3-2: Strikes out swinging
Batting: RHB Marlon Phipps 0-0: Called Strike
0-1: Ball
1-1: Swinging Strike
1-2: Foul Ball, location: 2F
1-2: Fly out, F9 (Flyball, 89D)
Runner from 2nd tags up, SAFE at 3rd, no throw
Batting: RHB Ramiro Ross 0-0: Foul Ball, location: 2F
0-1: DOUBLE (Line Drive, 7LM)
Tomás Carranza scores
Batting: LHB Héctor Rentería 0-0: Fly out, F7 (Flyball, 78XD)
Top of the 3rd over - 1 run(s), 1 hit(s), 0 error(s), 1 left on base; Spokane 3 - Albuquerque 0
BOTTOM OF THE 3RD
Albuquerque Isotopes batting - Pitching for Spokane Trappers : RHP José Ortíz
Batting: LHB A.J. Major 0-0: Ball
1-0: Ball
2-0: Ball
3-0: Called Strike
3-1: Foul Ball, location: 2F
3-2: Fly out, F9 (Flyball, 89M)
Batting: RHB Sadayoshi Kato 0-0: Ball
1-0: Called Strike
1-1: Called Strike
1-2: Foul Ball, location: 2F
1-2: Foul Ball, location: 2F
1-2: Foul Ball, location: 2F
1-2: Foul Ball, location: 2F
1-2: Ball
2-2: Ball
3-2: Foul Ball, location: 2F
3-2: Base on Balls
Batting: RHB Dave Mullen 0-0: Foul Ball, location: 2F
0-1: Ball
1-1: Foul Ball, location: 2F
1-2: Strikes out swinging
Batting: SHB Lee Townsend 0-0: Ball
1-0: Called Strike
1-1: Ball
2-1: Ball
3-1: Swinging Strike
3-2: Foul Ball, location: 2F
3-2: Strikes out swinging
Bottom of the 3rd over - 0 run(s), 0 hit(s), 0 error(s), 1 left on base; Spokane 3 - Albuquerque 0
TOP OF THE 4TH
Spokane Trappers batting - Pitching for Albuquerque Isotopes : RHP Raúl Ruíz
Batting: RHB Jeremy Carr 0-0: Foul Ball, location: 2F
0-1: Ground out 5-3 (Groundball, 56)
Batting: RHB Clyde Kelley 0-0: Ball
1-0: Called Strike
1-1: Fly out, F8 (Line Drive, 8RM)
Batting: LHB Jesús Ramírez 0-0: Ball
1-0: Hit by Pitch
Batting: RHB Pedro Rodríguez 0-0: Ball
1-0: Fly out, F9 (Flyball, 89S)
Top of the 4th over - 0 run(s), 0 hit(s), 0 error(s), 1 left on base; Spokane 3 - Albuquerque 0
BOTTOM OF THE 4TH
Albuquerque Isotopes batting - Pitching for Spokane Trappers : RHP José Ortíz
Batting: LHB Juan Carlos Sánchez 0-0: Foul Ball, location: 2F
0-1: Foul Ball, location: 2F
0-2: Ball
1-2: Ground out 4-3 (Groundball, 34)
Batting: LHB Mark Vestal 0-0: Swinging Strike
0-1: Ball
1-1: Swinging Strike
1-2: Strikes out swinging
Batting: RHB Alden Isenhood 0-0: Ball
1-0: Called Strike
1-1: Foul Ball, location: 2F
1-2: Strikes out swinging
Bottom of the 4th over - 0 run(s), 0 hit(s), 0 error(s), 0 left on base; Spokane 3 - Albuquerque 0
TOP OF THE 5TH
Spokane Trappers batting - Pitching for Albuquerque Isotopes : RHP Raúl Ruíz
Batting: RHB Tomás Carranza 0-0: Ball
1-0: Ball
2-0: Ball
3-0: Called Strike
3-1: Called Strike
3-2: Base on Balls
Batting: SHB Nick Cox 0-0: Called Strike
Tomás Carranza steals 2nd base
0-1: Ball
1-1: Called Strike
1-2: Foul Ball, location: 2F
1-2: Foul Ball, location: 2F
1-2: Foul Ball, location: 2F
1-2: Foul Ball, location: 2F
1-2: Ball
2-2: Fly out, F7 (Line Drive, 78D)
Pitching: RHP Shiki Kanno
Batting: RHB Marlon Phipps 0-0: Ground out 6-3 (Groundball, 6)
Tomás Carranza to third
Batting: RHB Ramiro Ross 0-0: Ball
1-0: Ball
2-0: Called Strike
2-1: Called Strike
2-2: Ball
3-2: Strikes out looking
Top of the 5th over - 0 run(s), 0 hit(s), 0 error(s), 1 left on base; Spokane 3 - Albuquerque 0
BOTTOM OF THE 5TH
Albuquerque Isotopes batting - Pitching for Spokane Trappers : RHP José Ortíz
Batting: LHB Bernardo Montés 0-0: Swinging Strike
0-1: Fly out, F8 (Flyball, 8RXD)
Batting: LHB Héctor Cruz 0-0: Swinging Strike
0-1: Called Strike
0-2: Ball
1-2: Ball
2-2: Strikes out swinging
Batting: LHB A.J. Major 0-0: Ball
1-0: Foul Ball, location: 2F
1-1: DOUBLE (Line Drive, 9LS)
Batting: RHB Sadayoshi Kato 0-0: Swinging Strike
0-1: Foul Ball, location: 2F
0-2: Ball
1-2: Ball
2-2: Ball
3-2: Fly out, F9 (Flyball, 9LMF)
Bottom of the 5th over - 0 run(s), 1 hit(s), 0 error(s), 1 left on base; Spokane 3 - Albuquerque 0
TOP OF THE 6TH
Spokane Trappers batting - Pitching for Albuquerque Isotopes : RHP Shiki Kanno
Batting: LHB Héctor Rentería 0-0: Ball
1-0: Foul Ball, location: 2F
1-1: Swinging Strike
1-2: SINGLE (Line Drive, 6D)
Batting: RHB Jeremy Carr 0-0: Called Strike
0-1: Swinging Strike
0-2: Strikes out looking
Batting: RHB Clyde Kelley 0-0: Ball
1-0: Swinging Strike
1-1: Called Strike
1-2: Strikes out swinging
Batting: LHB Jesús Ramírez 0-0: Swinging Strike
0-1: Ball
1-1: Ball
2-1: Called Strike
2-2: Foul Ball, location: 2F
2-2: Ball
3-2: Base on Balls
Héctor Rentería to second
Batting: RHB Pedro Rodríguez 0-0: Fielders Choice at 2nd, 6-4 (Groundball, 6)
Top of the 6th over - 0 run(s), 1 hit(s), 0 error(s), 1 left on base; Spokane 3 - Albuquerque 0
BOTTOM OF THE 6TH
Albuquerque Isotopes batting - Pitching for Spokane Trappers : RHP José Ortíz
Batting: RHB Dave Mullen 0-0: Called Strike
0-1: Foul Ball, location: 2F
0-2: Ball
1-2: Strikes out looking
Batting: SHB Lee Townsend 0-0: SINGLE (Groundball, 25) (infield hit)
Batting: LHB Juan Carlos Sánchez 0-0: Called Strike
0-1: Swinging Strike
0-2: Strikes out swinging
Batting: LHB Mark Vestal 0-0: Ball
1-0: Ground out 4-3 (Groundball, 34)
Bottom of the 6th over - 0 run(s), 1 hit(s), 0 error(s), 1 left on base; Spokane 3 - Albuquerque 0
TOP OF THE 7TH
Spokane Trappers batting - Pitching for Albuquerque Isotopes : RHP Shiki Kanno
Batting: RHB Tomás Carranza 0-0: SINGLE (Groundball, 4MS) (infield hit)
Batting: SHB Nick Cox 0-0: Ball
1-0: DOUBLE (Line Drive, 9D)
Tomás Carranza to third
Batting: RHB Marlon Phipps 0-0: Intentional Walk
Batting: RHB Ramiro Ross 0-0: Ball
1-0: Ball
2-0: Ball
3-0: Base on Balls
Tomás Carranza scores
Nick Cox to third
Marlon Phipps to second
Batting: LHB Héctor Rentería 0-0: Foul Ball, location: 2F
0-1: Ball
1-1: Foul Ball, location: 2F
1-2: Foul Ball, location: 2F
1-2: Foul Ball, location: 2F
1-2: Ball
2-2: SINGLE (Line Drive, 9S)
Nick Cox scores
Marlon Phipps to third
Ramiro Ross to second
Batting: RHB Jeremy Carr 0-0: Ground out 5-3 (Groundball, 5S)
Marlon Phipps scores
Ramiro Ross to third
Héctor Rentería to second
Pitching: RHP Kenny Skinner
Batting: RHB Clyde Kelley 0-0: Ball
1-0: Ball
2-0: Ball
3-0: Called Strike
3-1: Swinging Strike
3-2: Foul Ball, location: 2F
3-2: Foul Ball, location: 2F
3-2: Strikes out looking
Batting: LHB Jesús Ramírez 0-0: Ball
1-0: Called Strike
1-1: Swinging Strike
1-2: Strikes out looking
Top of the 7th over - 3 run(s), 3 hit(s), 0 error(s), 2 left on base; Spokane 6 - Albuquerque 0
BOTTOM OF THE 7TH
Albuquerque Isotopes batting - Pitching for Spokane Trappers : RHP José Ortíz
Batting: RHB Alden Isenhood 0-0: Ball
1-0: Ball
2-0: Ball
3-0: Called Strike
3-1: Base on Balls
Pitching: RHP Ching-wei Zi
Batting: LHB Bernardo Montés 0-0: Ball
1-0: Ball
2-0: Foul Ball, location: 2F
2-1: Ball
3-1: Called Strike
3-2: Foul Ball, location: 2F
3-2: Base on Balls
Alden Isenhood to second
Batting: LHB Héctor Cruz 0-0: Ball
1-0: Ball
2-0: SINGLE (Line Drive, 34)
Alden Isenhood to third
Bernardo Montés to second
Batting: LHB A.J. Major 0-0: Ball
1-0: Ball
2-0: Fly out, F8 (Flyball, 89M)
Runner from 3rd tags up, SCORES, throw made
Batting: RHB Sadayoshi Kato 0-0: Ball
1-0: Called Strike
1-1: Foul Ball, location: 2F
1-2: Strikes out looking
Batting: RHB Dave Mullen 0-0: Ball
1-0: Foul Ball, location: 2F
1-1: Foul Ball, location: 2F
1-2: Foul Ball, location: 2F
1-2: Strikes out swinging
Bottom of the 7th over - 1 run(s), 1 hit(s), 0 error(s), 2 left on base; Spokane 6 - Albuquerque 1
TOP OF THE 8TH
Spokane Trappers batting - Pitching for Albuquerque Isotopes : RHP Kenny Skinner
Batting: RHB Pedro Rodríguez 0-0: Ball
1-0: Ground out 1-3 (Groundball, 15)
Batting: RHB Tomás Carranza 0-0: Ball
1-0: Ball
2-0: Foul Ball, location: 2F
2-1: Foul Ball, location: 2F
2-2: Foul Ball, location: 2F
2-2: Hit by Pitch
Batting: SHB Nick Cox Pickoff Throw to First - Out!
0-0: Foul Ball, location: 2F
0-1: Swinging Strike
0-2: Hit by Pitch
Batting: RHB Marlon Phipps 0-0: Ball
1-0: Foul Ball, location: 2F
1-1: Ball
2-1: Ball
3-1: Foul Ball, location: 2F
3-2: Fly out, F8 (Line Drive, 8RM)
Top of the 8th over - 0 run(s), 0 hit(s), 0 error(s), 1 left on base; Spokane 6 - Albuquerque 1
BOTTOM OF THE 8TH
Albuquerque Isotopes batting - Pitching for Spokane Trappers : RHP Ching-wei Zi
Batting: SHB Lee Townsend 0-0: Called Strike
0-1: Ball
1-1: Ball
2-1: Called Strike
2-2: Ground out 4-3 (Groundball, 34)
Batting: LHB Juan Carlos Sánchez 0-0: Ball
1-0: Called Strike
1-1: Called Strike
1-2: SINGLE (Groundball, 34)
Batting: LHB Mark Vestal 0-0: Called Strike
0-1: Ball
1-1: Ball
2-1: Foul Ball, location: 2F
2-2: Ball
3-2: Base on Balls
Juan Carlos Sánchez to second
Batting: RHB Alden Isenhood 0-0: Ball
1-0: Fly out, F8 (Flyball, 8LM)
Batting: LHB Bernardo Montés 0-0: Ground out U3 (Groundball, 3L)
Bottom of the 8th over - 0 run(s), 1 hit(s), 0 error(s), 2 left on base; Spokane 6 - Albuquerque 1
TOP OF THE 9TH
Spokane Trappers batting - Pitching for Albuquerque Isotopes : RHP Kenny Skinner
Batting: RHB Ramiro Ross 0-0: Called Strike
0-1: Ball
1-1: DOUBLE (Line Drive, 8LS)
Pitching: RHP Rafael Trujillo
Batting: LHB Héctor Rentería 0-0: Ball
1-0: Ball
2-0: Ball
3-0: Called Strike
3-1: DOUBLE (Line Drive, 89XD)
Ramiro Ross scores
Batting: RHB Jeremy Carr 0-0: Called Strike
0-1: Ball
1-1: Foul Ball, location: 2F
1-2: Foul Ball, location: 2F
1-2: Foul Ball, location: 2F
1-2: Foul Ball, location: 2F
1-2: Ball
2-2: Foul Ball, location: 2F
2-2: Foul Ball, location: 2F
2-2: Ball
3-2: Fly out, F8 (Flyball, 8LM)
Batting: RHB Clyde Kelley 0-0: Called Strike
0-1: Ball
1-1: Foul Ball, location: 2F
1-2: Strikes out swinging
Batting: LHB Jesús Ramírez 0-0: Foul Ball, location: 2F
0-1: Foul Ball, location: 2F
0-2: Fly out, F9 (Line Drive, 8RS)
Top of the 9th over - 1 run(s), 2 hit(s), 0 error(s), 1 left on base; Spokane 7 - Albuquerque 1
BOTTOM OF THE 9TH
Albuquerque Isotopes batting - Pitching for Spokane Trappers : RHP Ching-wei Zi
Batting: LHB Héctor Cruz 0-0: Ground out 4-3 (Groundball, 4M)
Batting: LHB A.J. Major 0-0: SOLO HOME RUN (Line Drive, 7LS), Distance : 368 ft
Batting: RHB Sadayoshi Kato 0-0: Ball
1-0: Foul Ball, location: 2F
1-1: Foul Ball, location: 2F
1-2: Foul Ball, location: 2F
1-2: Strikes out looking
Pitching: RHP César Rodríguez
Batting: RHB Dave Mullen 0-0: Ball
1-0: Foul Ball, location: 2F
1-1: Swinging Strike
1-2: Ball
2-2: Strikes out looking
Bottom of the 9th over - 1 run(s), 1 hit(s), 0 error(s), 0 left on base; Spokane 7 - Albuquerque 2
Monday, December 5th, 2016 - OOTP Baseball 17.12 Build 75